cohdb
Replays
Latest Replays
All Replays
Popular Replays
Top Player Replays
Match Explorer
How It Works
Community
CoH3 Stats
Reddit
Sign in to upload your games and track your stats! →
Sign in with Steam
Match 38324215
Unlisted
Match 38324215
Overview
Messages
Build Orders
End
Selects Italian Combined Arms Battlegroup
Selects Bersaglieri Squad
Bersaglieri Squad
250 Light Carrier
Bersaglieri Squad
Panzergrenadier Squad
Construct Light Support Kompanie
2.5-tonne Medical Truck
Selects Bersaglieri Bolster
Construct Mechanized Kompanie
Panzerjäger Mechanized Group
Selects Breda Model 30 Light Machine Guns
AI Takeover
Wanton_Endangerment999
skopcak
̶H̶e̶c̶t̶o̶r̶
BladesofD00m
LEV-Detahaven
bbl drizzy
Lennox
rsmelo
0
0
Comments
sign in to comment!
No comments posted yet!